 Dungeon Crawl Stone Soup version 0.18.1-50-g88ac8fd (webtiles) character file.

15133 magog001 the Spear-Bearer (level 11, -6/135 HPs)
             Began as a Minotaur Fighter on Jan 22, 2017.
             Mangled by an orc warlord
             ... wielding a +4 battleaxe of freezing
              (7 damage)
             ... on level 1 of the Orcish Mines.
             The game lasted 01:14:51 (15138 turns).

magog001 the Spear-Bearer (Minotaur Fighter)       Turns: 15138, Time: 01:14:52

Health: -6/135     AC: 25    Str: 29 (31) XL:     11   Next: 97%
Magic:  10/10      EV:  2    Int:  3      God:
Gold:   499        SH:  0    Dex:  6 (10) Spells: 0 memorised, 10 levels left

rFire  . . .     SeeInvis +     L - +5 glaive (chop)
rCold  . . .     Gourm    .     (armour currently unavailable)
rNeg   + + +     Faith    .     (shield currently unavailable)
rPois  +         Spirit   .     (helmet currently unavailable)
rElec  .         Dismiss  .     (cloak currently unavailable)
rCorr  .         Reflect  .     (gloves currently unavailable)
SustAt .         Harm     .     (boots currently unavailable)
MR     .....     NoTele   +     (no amulet)
Stlth  ++........               (no ring)
                                p - ring of see invisible

@: mighty, tree-form, very slightly contaminated, hasted, very quick, not
resistant to hostile enchantments, unstealthy
A: (retaliatory headbutt), (horns 0), (cold resistance 0), deterioration 1,
dopey 1, frail 1, (shaggy fur 0), strong 1
a: no special abilities


You were on level 1 of the Orcish Mines.
You were not hungry.
You were a tree.
You visited 2 branches of the dungeon, and saw 11 of its levels.
You also visited: Ossuary.

You collected 1026 gold pieces.
You spent 527 gold pieces at shops.

Inventory:

Hand Weapons
 K - a +1 trident of protection
 L - a +5 glaive of chopping (weapon)
 R - a +0 bardiche of venom
Missiles
 i - 2 curare-tipped needles
 n - 35 poisoned needles
 r - 14 tomahawks (quivered)
 x - 6 needles of sleeping
 M - 2 silver tomahawks
 S - 4 javelins
Armour
 c - a cursed +0 ring mail (melded)
 t - a +2 cloak (melded)
 w - a +0 pair of gloves (melded)
 D - a +1 ring mail of cold resistance
 O - a +2 pair of boots (melded)
 T - a +4 ring mail
 U - a +3 chain mail
Jewellery
 p - a ring of see invisible (left branch)
 H - an uncursed ring of ice
Wands
 z - a wand of random effects (20/48)
 B - a wand of random effects (21/48)
 G - a wand of flame (27/48)
 I - a wand of lightning (8/15)
 P - a wand of digging (12/24)
Scrolls
 h - 3 scrolls of magic mapping
 o - a scroll of immolation {unknown}
 u - a scroll of recharging
 v - 2 scrolls of teleportation
 y - a scroll of random uselessness
 C - 4 scrolls of fear
 F - 2 scrolls of amnesia
 N - a scroll of blinking
Potions
 a - 2 potions of invisibility
 d - 2 potions of might
 e - 3 potions of haste
 k - 2 potions of agility
 l - a potion of degeneration
 m - a potion of lignification
 q - 3 potions of curing
 s - a potion of magic {unknown}
 A - a potion of ambrosia
 E - a potion of resistance {unknown}
Miscellaneous
 J - a sack of spiders {used: 1}
Comestibles
 b - 10 beef jerkies
 f - 10 bread rations
 g - 3 chunks of flesh
 j - 4 meat rations


   Skills:
 + Level 10.5 Fighting
   Level 7.7(10.5) Axes
 * Level 11.3(12.2) Polearms
 + Level 0.6 Throwing
 + Level 9.8 Armour
 + Level 9.1 Dodging
 + Level 2.6 Stealth
   Level 8.9 Shields
 + Level 1.1 Evocations


You had 10 spell levels left.
You didn't know any spells.

Dungeon Overview and Level Annotations

Branches:
Dungeon (9/15)             Temple (0/1) D:7             Orc (2/2) D:9
    Elf (0/3) Orc:2
   Lair: D:8-11

Altars:
Ashenzari
Dithmenos
Kikubaaqudgha
Makhleb
Okawaru
Pakellas
Qazlal
Ru
Trog
Vehumet
Yredelemnul
Zin

Shops:
D:4 *   D:9 [(


Innate Abilities, Weirdness & Mutations

((You reflexively headbutt those who attack you in melee.))
((You have a pair of horns on your head.))
((Your flesh is cold resistant.))
Your body sometimes deteriorates upon taking damage.
You are dopey. (Int -2)
You are frail (-10% HP).
((You are covered in fur (AC +1).))
Your muscles are strong. (Str +2)


Message History

Drink which item? (? for menu, Esc to quit)
You feel yourself speed up. The orc hits you but does no damage.
The orc warlord hits you with a battleaxe of freezing!
* * * LOW HITPOINT WARNING * * *
Your body deteriorates!
You feel weakened. The orc warlord freezes you.
* * * LOW HITPOINT WARNING * * *
You are very lightly contaminated with residual magic.
Drink which item? (? for menu, Esc to quit)
You feel better. The orc hits you but does no damage.
Drink which item? (? for menu, Esc to quit)
You turn into a tree.
Your +2 cloak melds into your body.
Your +0 pair of gloves melds into your body.
Your +2 pair of boots melds into your body.
Your cursed +0 ring mail melds into your body.
Your roots penetrate the ground.
The orc warlord hits you with a battleaxe of freezing!!
* * * LOW HITPOINT WARNING * * *
The orc warlord freezes you!
You die...

##.## #...# #...#########
##.....#.##.##
##...........####
####......#.#....#.##
##.###....#.##.......#
##....#.....(oo...##..##
###...........(♣[.####...#
##.....#.......[)[..# ##.##
#....###...#...)##.## ###
##.### #...##....######
#########.#.[.....###.## ##
##.##......##.###...##
(###......#...##.##.#.#.##
#(#....[..#..............##
##([[..).#.......##.......#


You could see an orc warlord and an orc.

Vanquished Creatures
  Erolcha (D:8)
  Fannar (Orc:1)
  Urug (Orc:1)
  2 orc sorcerers (Orc:1)
  Pikel (D:8)
  An orc knight (D:9)
  A cyclops (Orc:1)
  Joseph (D:8)
  Psyche (D:8)
  5 trolls
  A two-headed ogre (D:7)
  2 wraiths (Ossuary)
  3 yaks (D:9)
  3 hungry ghosts
  Grum (D:8)
  A hippogriff (D:9)
  A mottled dragon (D:9)
  2 wargs (Orc:1)
  The ghost of TBriggs11TB the Grave Robber, an amateur DENe (D:4)
  22 orc warriors
  A black bear (D:5)
  2 slaves (D:8)
  4 sky beasts
  A wasp (D:9)
  11 ogres
  2 phantoms (D:5)
  3 wolves (D:8)
  7 centaurs
  A gnoll sergeant (D:5)
  A giant frog (D:9)
  A water moccasin zombie (D:6)
  4 scorpions
  7 wights
  A howler monkey (D:9)
  3 crimson imps
  A giant frog zombie (D:5)
  5 hounds
  19 orc wizards
  3 giant frog skeletons
  A centaur skeleton (D:5)
  12 orc priests
  A gnoll shaman (D:6)
  Natasha (thrice) (D:3)
  An iguana (D:8)
  12 worker ants
  2 hound skeletons
  12 gnolls
  11 adders
  A howler monkey skeleton (D:7)
  3 shadow imps
  An adder zombie (D:5)
  3 adder skeletons
  3 worms (D:3)
  2 giant geckos
  53 orcs
  4 bats
  7 giant cockroaches
  6 goblins
  4 hobgoblins
  11 jackals
  5 kobolds
  4 quokkas
  3 ball pythons
  A giant gecko zombie (D:6)
  5 giant newts
  5 hobgoblin skeletons (Ossuary)
  2 hobgoblin zombies (Ossuary)
  A jackal skeleton (D:6)
  2 kobold zombies (Ossuary)
  An orc zombie (Ossuary)
  A quokka skeleton (D:7)
  7 rats
319 creatures vanquished.

Vanquished Creatures (others)
  A wasp (D:2)
  An orc (Orc:2)
2 creatures vanquished.

Grand Total: 321 creatures vanquished

Notes
Turn   | Place    | Note
--------------------------------------------------------------
     0 | D:1      | magog001 the Minotaur Fighter began the quest for the Orb.
     0 | D:1      | Reached XP level 1. HP: 19/19 MP: 0/0
   118 | D:1      | Reached XP level 2. HP: 25/27 MP: 1/1
   673 | D:2      | Reached XP level 3. HP: 33/33 MP: 2/2
   751 | D:2      | Found an oddly glowing altar of Pakellas.
   751 | D:2      | Noticed an orange crystal statue
   752 | D:2      | Noticed a wasp
   765 | D:2      | Killed a wasp
  1218 | D:3      | Found a basalt altar of Yredelemnul.
  1223 | D:3      | Found a shattered altar of Ashenzari.
  1495 | D:3      | Reached XP level 4. HP: 32/40 MP: 3/3
  1673 | D:3      | Noticed Natasha
  1685 | D:3      | Killed Natasha
  1685 | D:3      | Reached skill level 1 in Dodging
  1942 | D:3      | Reached skill level 5 in Shields
  2075 | D:3      | Noticed an ogre
  2081 | D:3      | Killed an ogre
  2081 | D:3      | Reached XP level 5. HP: 21/46 MP: 4/4
  2274 | D:3      | Noticed Natasha
  2276 | D:3      | Killed Natasha
  2428 | D:3      | Noticed Natasha
  2440 | D:3      | Killed Natasha
  2440 | D:3      | Reached XP level 6. HP: 36/53 MP: 5/5
  2637 | D:4      | Reached skill level 5 in Armour
  2765 | D:4      | Noticed TBriggs11TB's ghost (amateur DENe)
  2774 | D:4      | Killed TBriggs11TB's ghost
  3070 | D:4      | Found a shadowy altar of Dithmenos.
  3225 | D:4      | Found Qamuhowk's General Store.
  3225 | D:4      | Noticed a sky beast
  3239 | D:4      | Killed a sky beast
  3239 | D:4      | Reached skill level 5 in Fighting
  3239 | D:4      | Reached XP level 7. HP: 42/61 MP: 6/6
  3335 | D:4      | Bought a scroll of identify for 22 gold pieces
  3335 | D:4      | Bought a potion of heal wounds for 55 gold pieces
  3352 | D:4      | Got a translucent lead ring
  3592 | D:4      | Found a stormy altar of Qazlal.
  3733 | D:5      | Entered Level 5 of the Dungeon
  3858 | D:5      | Reached skill level 1 in Stealth
  3955 | D:5      | Reached XP level 8. HP: 63/69 MP: 7/7
  4207 | D:5      | Reached skill level 5 in Axes
  4382 | D:5      | Found a sacrificial altar of Ru.
  4693 | D:4      | Bought 2 fruits for 33 gold pieces
  4693 | D:4      | Bought a beef jerky for 16 gold pieces
  4782 | D:6      | Reached XP level 9. HP: 65/78 MP: 8/8
  4906 | D:6      | Found an iron altar of Okawaru.
  4917 | D:6      | Found a sand-covered staircase.
  4937 | Ossuary  | Entered an ossuary
  5205 | Ossuary  | Reached skill level 5 in Dodging
  5673 | D:6      | Identified the cursed ring of Xom's Wantonness {rElec Dex-2} (You found it on level 4 of the Dungeon)
  6364 | D:6      | Found a burning altar of Makhleb.
  6526 | D:7      | Reached skill level 1 in Polearms
  6571 | D:7      | Found a glowing silver altar of Zin.
  6581 | D:7      | Found a staircase to the Ecumenical Temple.
  6648 | D:7      | Noticed a troll
  6659 | D:7      | Killed a troll
  6659 | D:7      | Reached skill level 2 in Polearms
  7094 | D:7      | Reached skill level 3 in Polearms
  7292 | D:7      | Reached XP level 10. HP: 85/90 MP: 9/9
  7595 | D:8      | Noticed Erolcha
  7597 | D:8      | Reached skill level 4 in Polearms
  7598 | D:8      | Noticed Grum
  7602 | D:8      | Killed Erolcha
  7602 | D:8      | Reached skill level 5 in Polearms
  7611 | D:8      | Killed Grum
  7839 | D:8      | Noticed Joseph
  7855 | D:8      | Killed Joseph
  7855 | D:8      | Reached skill level 6 in Polearms
  8214 | D:8      | Found a bloodstained altar of Trog.
  8475 | D:8      | Found an ancient bone altar of Kikubaaqudgha.
  8525 | D:8      | Noticed Pikel
  8534 | D:8      | Killed Pikel
  8534 | D:8      | Reached skill level 7 in Polearms
  8549 | D:8      | Noticed Psyche
  8555 | D:8      | Killed Psyche
  8950 | D:9      | Paralysed by a wasp for 1 turns
  9012 | D:9      | Found Woytinnepoe's Weapon Emporium.
  9028 | D:9      | Reached skill level 8 in Polearms
  9039 | D:9      | Found a staircase to the Orcish Mines.
  9041 | D:9      | Found Epibyja's Armour Emporium.
  9355 | D:9      | Reached XP level 11. HP: 76/97 MP: 10/10
  9727 | D:9      | Gained mutation: Your body sometimes deteriorates upon taking damage. [potion of mutation]
  9727 | D:9      | Gained mutation: Your muscles are strong. (Str +2) [potion of mutation]
  9727 | D:9      | Gained mutation: Your flesh is cold resistant. [potion of mutation]
  9728 | D:9      | Gained mutation: You are frail (-10% HP). [potion of mutation]
  9728 | D:9      | Gained mutation: You are covered in fur (AC +1). [potion of mutation]
  9728 | D:9      | Gained mutation: You are dopey. (Int -2) [potion of mutation]
  9741 | D:9      | Found a radiant altar of Vehumet.
 10118 | D:4      | Bought a sack of spiders for 220 gold pieces
 10123 | D:4      | Bought a +2 pair of boots for 181 gold pieces
 10281 | Orc:1    | Entered Level 1 of the Orcish Mines
 10521 | Orc:1    | Reached skill level 9 in Polearms
 10978 | Orc:1    | Noticed Urug
 10998 | Orc:1    | Killed Urug
 11587 | Orc:2    | Entered Level 2 of the Orcish Mines
 11596 | Orc:2    | Noticed an orc knight
 11779 | Orc:1    | HP: 3/89 [orc knight/long sword (11)]
 12092 | D:9      | Killed an orc knight
 12642 | Orc:1    | Noticed an orc sorcerer
 12652 | Orc:1    | Killed an orc sorcerer
 12652 | Orc:1    | Reached skill level 10 in Fighting
 12982 | D:9      | Reached skill level 10 in Polearms
 13761 | Orc:1    | Noticed Fannar
 13773 | Orc:1    | Killed Fannar
 13785 | Orc:1    | Reached skill level 1 in Evocations
 14143 | Orc:2    | Found a staircase to the Elven Halls.
 14253 | Orc:2    | Noticed an orc sorcerer
 14278 | Orc:1    | Killed an orc sorcerer
 14278 | Orc:1    | Reached skill level 11 in Polearms
 14945 | Orc:2    | Noticed an orc warlord
 15138 | Orc:1    | HP: 1/135 [orc warlord/battleaxe of freezing (18)]
 15138 | Orc:1    | Mangled by an orc warlord

Skill      XL: |  1  2  3  4  5  6  7  8  9 10 11 |
---------------+----------------------------------+-----
Armour         | 4 5 6 7 8 9 |  9.8
Shields        | 4 5 6 7 8 |  8.9
Fighting       | 4 5 6 8 9 10 | 10.5
Dodging        | 1 2 3 4 6 7 9 |  9.1
Axes           | 3 4 6 7 |  7.7
Stealth        | 1 2 |  2.6
Polearms       | 3 8 11 | 11.3
Evocations     | 1 |  1.1
Throwing       | |  0.6

Action                   |  1- 3 |  4- 6 |  7- 9 | 10-12 || total
-------------------------+-------+-------+-------+-------++-------
Melee: War axe           |   109 |    81 |   287 |       ||   477
       Headbutt          |     9 |    19 |    65 |    60 ||   153
       Glaive            |       |       |    71 |   367 ||   438
Throw: Tomahawk          |       |       |       |     5 ||     5
Evoke: Wand              |       |       |       |    12 ||    12
       Sack of spiders   |       |       |       |     1 ||     1
  Use: Scroll            |     1 |     4 |    11 |     6 ||    22
       Potion            |       |     7 |     1 |    13 ||    21
  Eat: Chunk             |     2 |     4 |    11 |    10 ||    27
       Pizza             |       |     2 |       |     1 ||     3
       Fruit             |       |       |     2 |       ||     2
       Meat ration       |       |       |       |     5 ||     5
Armor: Scale mail        |    52 |    34 |    47 |       ||   133
       Ring mail         |       |       |    80 |   167 ||   247
Dodge: Dodged            |    42 |    17 |   156 |   312 ||   527
Block: Shield            |    58 |    42 |   152 |       ||   252
